 Dungeon Crawl Stone Soup version 0.31-a0-1204-ge2c1a860ed (webtiles) character file.

Game seed: 10979424286414055433

38 olourkin the Magician (level 3, 0/27 HPs)
             Began as a Demonspawn Hedge Wizard on Dec 12, 2023.
             Slain by a jackal (3 damage)
             ... on level 1 of the Dungeon.
             The game lasted 00:07:10 (1642 turns).

olourkin the Magician (Demonspawn Hedge Wizard)     Turns: 1642, Time: 00:07:10

Health: 0/27       AC:  2    Str: 12    XL:     3   Next: 25%
Magic:  5/7        EV: 12    Int: 14    God:
Gold:   17         SH:  0    Dex: 12    Spells: 3/8 levels left

rFire   . . .        k - +0 short sword
rCold   . . .        (no shield)
rNeg    . . .        b - +0 robe
rPois   .            c - +0 hat
rElec   .            (no cloak)
rCorr   .            (no gloves)
SInv    .            (no boots)
Will    .....        (no amulet)
Stlth   ++           (no ring)
HPRegen 0.24/turn    (no ring)
MPRegen 0.10/turn

%: no passive effects
@: no status effects
A: antennae 1
a: no special abilities


You were on level 1 of the Dungeon.
You visited 1 branch of the dungeon, and saw 2 of its levels.

You collected 17 gold pieces.

Inventory:

Hand Weapons
 a - a +0 dagger
 k - a +0 short sword (weapon)
Missiles
 i - 4 stones
Armour
 b - a +0 robe (worn)
 c - a +0 hat (worn)
 h - a +0 leather armour
 l - a +0 ring mail
Scrolls
 e - a scroll of enchant armour {unknown}
 f - a scroll of teleportation {unknown}
 g - 5 scrolls of identify {unknown}
 m - a scroll of immolation {unknown}
 p - a scroll of fear {unknown}
Potions
 d - 2 potions of magic
 j - 2 potions of curing
 n - a potion of might {unknown}
 o - a potion of lignification {unknown}
 q - a potion of attraction {unknown}


   Skills:
 + Level 1.6 Fighting
 + Level 1.4 Armour
 - Level 1.7 Dodging
 - Level 1.7 Stealth
 - Level 3.0 Spellcasting
 - Level 1.0 Conjurations
 * Level 1.7 Summonings
 - Level 0.8 Translocations


You had 3 spell levels left.
You knew the following spells:

 Your Spells              Type           Power      Damage    Failure   Level
a - Magic Dart            Conj           16%        1d3       14%         1
b - Blink                 Tloc           8%         N/A       22%         2
x - Call Imp              Summ           12%        N/A       16%         2

Your spell library contained the following spells:

 Spells                   Type           Power      Damage    Failure   Level
 Slow                     Hex            8%         N/A       22%         1
 Cigotuvi's Dreadful Rot  Necr/Pois/Air  4%         N/A       32%         2
 Mephitic Cloud           Conj/Pois/Air  3%         N/A       50%         3


Dungeon Overview and Level Annotations

Branches:
Dungeon (2/15)

Altars:

Shops:
D:2 =


Innate Abilities, Weirdness & Mutations

You have a pair of small antennae on your head.


Message History

* * * LOW HITPOINT WARNING * * *
Casting: Magic Dart (safe; 14% risk of failure)
Confirm with . or Enter, or press ? or * to list all spells.
Aiming: Magic Dart (safe; 14% risk of failure)
Press: ? - help, Shift-Dir - straight line, f - jackal
Aim: a jackal (heavily wounded, 100% to hit)
The magic dart hits the jackal but does no damage.
The jackal is heavily wounded.
The bat hits you but does no damage. The jackal completely misses you.
The jackal bites you but does no damage.
Casting: Magic Dart (safe; 14% risk of failure)
Confirm with . or Enter, or press ? or * to list all spells.
Aiming: Magic Dart (safe; 14% risk of failure)
Press: ? - help, Shift-Dir - straight line, f/p - jackal
Aim: a jackal (moderately wounded, 100% to hit)
The magic dart hits the jackal.
The jackal is heavily wounded.
The bat closely misses you. The jackal bites you.
* * * LOW HITPOINT WARNING * * *
The jackal barely misses you. The jackal bites you.
* * * LOW HITPOINT WARNING * * *
The jackal closely misses you.
You barely miss the jackal.
The jackal is heavily wounded.
The bat hits you but does no damage. The jackal misses you.
The jackal bites you.
* * * LOW HITPOINT WARNING * * *
You hit the jackal.
The jackal is severely wounded.
The bat barely misses you.
The jackal bites you but does no damage.
The jackal bites you.
* * * LOW HITPOINT WARNING * * *
You hit the jackal.
You kill the jackal!
The bat hits you.
* * * LOW HITPOINT WARNING * * *
The jackal bites you but does no damage.
The jackal bites you.
You die...

##.###.#####..###.#.....
#..# #............######
#..###.#####...)### #
#......# #.#..# ##
#.##.#######.#..#######.
#.##......##.#..........
##.##......#.....#######.
###...#............#####
##
#........b@..#.........#
#.#...##.h...##.#..###.###
#.##.###...####.#........#
#..........# #.##.###.#.##
####.##....####.##.#
#.#.^. #...............#
#.#### ####....##.####.#
#.##.. ##.#.##.# #.#
#.#... #.#.##.# #.# #.....


You could see a jackal and a bat.

Vanquished Creatures
  2 dart slugs
  2 ball pythons
  5 endoplasms (D:1)
  A giant cockroach (D:1)
  4 goblins
  2 hobgoblins
  5 jackals
  A kobold (D:1)
  A quokka (D:1)
  A bat (D:1)
  A frilled lizard (D:2)
  6 rats
31 creatures vanquished.

Notes
Turn   | Place    | Note
-------+----------+-------------------------------------------
     0 | D:1      | olourkin the Demonspawn Hedge Wizard began the quest for
                  | the Orb.
     0 | D:1      | Reached XP level 1. HP: 13/13 MP: 4/4
   474 | D:1      | Reached skill level 1 in Fighting
   478 | D:1      | Reached skill level 1 in Armour
   478 | D:1      | Gained mutation: You have a pair of small antennae on your
                  | head. [demonic ancestry]
   478 | D:1      | Reached XP level 2. HP: 11/21 MP: 6/6
   576 | D:1      | Learned a level 2 spell: Blink
   579 | D:1      | Learned a level 2 spell: Call Imp
  1089 | D:2      | Reached XP level 3. HP: 25/26 MP: 7/7
  1353 | D:2      | Found Qiom's Jewellery Boutique.
  1642 | D:1      | Slain by a jackal

Illustrated notes

Levels and vault maps discovered:
D:1:      ncdulo_smallfort, layout_loops_ring, st_stairs_6,
          kennysheep_minor_cross, minmay_curled_crystal
D:2:      layout_loops_cross, shapermc_ecumenical_altar_totnotflames,
          serial_shops, nicolae_lakefront_shop, minmay_door_square,
          chequers_jeans, minmay_misc_feat_rugged,
          nicolae_concentric_dashed_squares_wild, minmay_distorted

Skill      XL: |  1 |
---------------+----+-----
Fighting       | 1 |  1.6
Armour         | 1 |  1.4
Dodging        | |  1.7
Stealth        | |  1.7
Spellcasting   | |  3.0
Conjurations   | |  1.0
Summonings     | |  1.7
Translocations | |  0.8

Action                     || total
---------------------------++-------
  Melee: Dagger            ||    93
         Short sword       ||    55
   Cast: Magic Dart        ||    15
    Use: Potion            ||     1
   Stab: Sleeping          ||     4
 Armour: Robe              ||   113
  Dodge: Dodged            ||   138

Table legend: (Time is in decaauts)
 A = Elapsed time spent in this place.
 B = Non-inter-level travel time spent in this place.
 C = Inter-level travel time spent in this place.
 D = Time resting spent in this place.
 E = Time spent auto-exploring this place.
 F = Levels seen in this place.
 G = Mean time per level.
                   A        B        C        D        E       F      G
               +--------+--------+--------+--------+--------+-----+--------+
         Total |   1641 |   1638 |      3 |    522 |    722 |   2 |  820.5 |
       Dungeon |   1641 |   1638 |      3 |    522 |    722 |   2 |  820.5 |
               +--------+--------+--------+--------+--------+-----+--------+

Top non-repeatable levels by time:
     D:1: 1064 daAuts
     D:2: 577 daAuts
